 Dungeon Crawl Stone Soup version 0.19-a0-1210-g5c1aa26 (webtiles) character file.

9 jacquesderrida the Skirmisher (level 2, 5/16 HPs)
             Began as a Vine Stalker Wanderer on Aug 22, 2016.
             Quit the game on level 1 of the Dungeon.
             The game lasted 00:00:37 (197 turns).

jacquesderrida the Skirmisher (VSWn)                 Turns: 197, Time: 00:00:38

Health: 5/16       AC:  2    Str: 15    XL:     2   Next: 16%
Magic:  6/6        EV: 11    Int: 11    God:
Gold:   10         SH:  0    Dex: 13    Spells: 0 memorised, 5 levels left

rFire  . . .     SeeInvis .     e - +0 club
rCold  . . .     Gourm    .     d - +0 robe
rNeg   . . .     Faith    .     (no shield)
rPois  .         Spirit   +     (no helmet)
rElec  .         Dismiss  .     (no cloak)
rCorr  .         Reflect  .     (no gloves)
MR     .....     Harm     .     (no boots)
Stlth  ++........               (no amulet)
                                (no ring)
                                (no ring)

@: no status effects
A: fangs 2, magic shield, antimagic bite, no device heal 3, rot immunity
a: no special abilities


You were on level 1 of the Dungeon.
You were not hungry.

You visited 1 branch of the dungeon, and saw 1 of its levels.

You collected 10 gold pieces.

Inventory:

Hand Weapons
 e - a +0 club (weapon)
Armour
 d - a +0 robe (worn)
Scrolls
 h - a scroll of identify {unknown}
Potions
 g - a potion of heal wounds {unknown}
Books
 a - a book of Necromancy

   Spells                             Type                      Level
   a - Pain                           Necromancy                   1
   b - Animate Skeleton               Necromancy                   1
   c - Vampiric Draining              Necromancy                   3
   d - Regeneration                   Charms/Necromancy            3
   e - Animate Dead                   Necromancy                   4
   f - Control Undead                 Necromancy                   4
 b - Cewepil's Guide on the Frostbite

   Spells                             Type                      Level
   a - Freeze                         Ice                          1
   b - Ozocubu's Armour               Charms/Ice                   3
 c - the Incunabulum of Beguiling

   Spells                             Type                      Level
   a - Confusing Touch                Hexes                        1
   b - Inner Flame                    Hexes/Fire                   3
Comestibles
 f - a bread ration


   Skills:
 + Level 2.5 Fighting
 - Level 1.0 Armour
 - Level 1.2 Stealth
 - Level 2.1 Spellcasting
   Level 1.0 Hexes
   Level 2.0 Necromancy
   Level 1.0 Evocations


You had 5 spell levels left.
You didn't know any spells.

Dungeon Overview and Level Annotations

Branches:
Dungeon (1/15)

Altars:


Innate Abilities, Weirdness & Mutations

You have extremely sharp teeth.
When hurt, damage is shared between your health and your magic reserves.
Your bite disrupts and absorbs the magic of your enemies.
Potions and wands cannot restore your health.
You are immune to rotting.


Message History

You are too injured to fight recklessly!
You are too injured to fight recklessly!
You are too injured to fight recklessly!
You are too injured to fight recklessly!
You are too injured to fight recklessly!
You are too injured to fight recklessly!
You are too injured to fight recklessly!
You are too injured to fight recklessly!
You are too injured to fight recklessly!
You hit the kobold.
The kobold is severely wounded.
The kobold closely misses you.
You barely miss the kobold.
The kobold is severely wounded.
The kobold hits you but does no damage.
You hit the kobold.
You kill the kobold!
Things that are here:
a dagger; a kobold corpse Are you sure you want to abandon this character and quit the game? (Confirm with "yes".)

### ### #.. ..# #.# #.# ##. #.#
#.# ...# #.####.####### #..#
##### #.##..........
...#####...#########.##.#.#######
#..........##...@....##.#.# ##
##...###...##.#####..##.#.###.#
..8....##)###.### #.......##.# ##
#...##..........# #.###.###..##.#
##.##...#####.#.# #.# #..........
#'#....# #.#.# #.# #####..8..#
#'#..### #.# # #.# #.⌠..## ##⌠##.
... ..# #..8.# +⌠<⌠+ ### .##
###.).##


There were no monsters in sight!

Vanquished Creatures
  2 giant cockroaches (D:1)
  A goblin (D:1)
  2 hobgoblins (D:1)
  A bat (D:1)
  A giant newt (D:1)
  2 kobolds (D:1)
9 creatures vanquished.

Notes
Turn   | Place    | Note
-------+----------+-------------------------------------------
     0 | D:1      | jacquesderrida the Vine Stalker Wanderer began the quest for the Orb.
     0 | D:1      | jacquesderrida set off with: a book of Necromancy, Cewepil's Guide on the Frostbite, the Incunabulum of Beguiling, a +0 robe, a +0 club, a bread ration
     0 | D:1      | Reached XP level 1. HP: 11/11 MP: 4/4
     0 | D:1      | Identified Cewepil's Guide on the Frostbite
     0 | D:1      | Identified the Incunabulum of Beguiling
   148 | D:1      | Reached XP level 2. HP: 6/16 MP: 3/6
   197 | D:1      | Quit the game

Vault maps used:
D:1:      grunt_arrival_crossed_arrows, hangedman_feature_mirror

Skill      XL: |  1 |
---------------+----+-----
Fighting       | 2 |  2.5
Armour         | |  1.0
Stealth        | |  1.2
Spellcasting   | |  2.1
Hexes          | |  1.0
Necromancy     | |  2.0
Evocations     | |  1.0

Action                   || total
-------------------------++-------
Melee: Club              ||    40
       Bite              ||    11
Armor: Robe              ||    11
Dodge: Dodged            ||    32
